 Seeded DCSS version 0.30.1-4-g462c640d31 (webtiles) character file.

Game seed: 16653573533833982129 (custom seed)

2 Psyclone the Stinger (level 1, 0/11 HPs)
             Began as an Octopode Venom Mage on Sept 18, 2023.
             Slain by a hobgoblin (3 damage)
             ... on level 1 of the Dungeon.
             The game lasted 00:00:28 (72 turns).

Psyclone the Stinger (Octopode Venom Mage)            Turns: 72, Time: 00:00:29

Health: 0/11       AC:  1    Str:  7    XL:     1   Next: 30%
Magic:  3/3        EV: 13    Int: 17    God:
Gold:   0          SH:  0    Dex: 12    Spells: 3/4 levels left

rFire   . . .        (no weapon)
rCold   . . .        (no shield)
rNeg    . . .        (helmet restricted)
rPois   .            (no amulet)
rElec   .            (no ring)
rCorr   .            (no ring)
SInv    .            (no ring)
Will    .....        (no ring)
Stlth   +++          (no ring)
HPRegen 0.21/turn    (no ring)
MPRegen 0.08/turn    (no ring)
                     (no ring)

%: no passive effects
@: no status effects
A: almost no armour, amphibious, 8 rings, camouflage 1, gelatinous body 1,
(nimble swimmer 1), tentacles
a: no special abilities


You were on level 1 of the Dungeon.
You visited 1 branch of the dungeon, and saw 1 of its levels.

Inventory:

Scrolls
 b - a scroll of butterflies {unknown}
Potions
 a - a potion of magic
 c - a potion of ambrosia {unknown}
 d - a potion of attraction {unknown}


   Skills:
 - Level 2.0 Dodging
 - Level 2.6 Stealth
 - Level 2.0 Spellcasting
 - Level 1.0 Transmutations
 + Level 3.8 Poison Magic


You had 3 spell levels left.
You knew the following spells:

 Your Spells              Type           Power      Damage    Failure   Level
a - Sting                 Tmut/Pois      36%        1d4       7%          1

Your spell library contained the following spells:

 Spells                   Type           Power      Damage    Failure   Level
 Poisonous Vapours        Pois/Air       16%        N/A       13%         2
 Mephitic Cloud           Conj/Pois/Air  6%         N/A       34%         3
 Olgreb's Toxic Radiance  Pois           14%        N/A       36%         4


Dungeon Overview and Level Annotations

Branches:
Dungeon (1/15) Zot: 5927

Altars:


Innate Abilities, Weirdness & Mutations

You cannot wear most types of armour.
You are amphibious.
You can wear up to eight rings at the same time.
Your skin changes colour to match your surroundings (Stealth+).
Your rubbery body absorbs attacks. (AC +1, EV +1)
((You are camouflaged when in or above water. (Stealth+)))
You have tentacles for arms and can constrict up to eight enemies at once.


Message History

4 jackals come into view.
The jackal barks!
You hear a bark!
A hobgoblin comes into view.
Found a scroll labelled NAUGYA MENA.
Found a stone staircase leading down.
The jackal attacks as you move away! The jackal barely misses you.
Found a whip.
The jackal bites you.
You see here a scroll labelled NAUGYA MENA.
You take 1 damage, and have 10/11 hp.
You tentacle-slap the jackal but do no damage.
You grab the jackal.
You constrict the jackal, but do no damage.
The jackal closely misses you.
Health restored: 11 You barely miss the jackal.
You squeeze the jackal.
The jackal is almost dead.
You constrict the jackal, but do no damage.
The jackal barely misses you.
You tentacle-slap the jackal but do no damage.
Your squeeze misses the jackal.
The jackal is almost dead.
You constrict the jackal, but do no damage.
The jackal barely misses you. The jackal closely misses you.
You tentacle-slap the jackal but do no damage.
The jackal is almost dead.
You constrict the jackal, but do no damage.
The hobgoblin shouts!
You hear a bark!
The jackal closely misses you.
You tentacle-slap the jackal.
You kill the jackal!
The jackal bites you.
You take 3 damage, and have 8/11 hp.
MASSIVE DAMAGE!!
You barely miss the jackal. You grab the jackal.
You constrict the jackal, but do no damage.
The jackal closely misses you. The hobgoblin hits you.
You take 4 damage, and have 4/11 hp.
MASSIVE DAMAGE!!
You tentacle-slap the jackal but do no damage.
You constrict the jackal. The jackal bites you.
* * * LOW HITPOINT WARNING * * *
The hobgoblin hits you.
You die...

.) ..... ..
.... .##...
#....## #......
....>. #..#g#
#..#@# #..#h#
#$.#.# ##
#########..#.#
..
hh...h.h.....#
#.#
###.#..#####...
##.## ##
#.#........#
..... .
#.#.######.# #
#.# #.#.#.##


You could see a jackal and a hobgoblin.

Vanquished Creatures
  A jackal (D:1)
  A rat (D:1)
2 creatures vanquished.

Notes
Turn   | Place    | Note
-------+----------+-------------------------------------------
     0 | D:1      | Psyclone the Octopode Venom Mage began the quest for the
                  | Orb.
     0 | D:1      | Reached XP level 1. HP: 11/11 MP: 3/3
    72 | D:1      | Slain by a hobgoblin

Illustrated notes

Levels and vault maps discovered:
D:1:      dpeg_arrival_tiny_k, layout_loops_ring, minmay_hexomino_c4

Action                     || total
---------------------------++-------
  Melee: Unarmed           ||     9
         Constrict         ||     2
         Tentacles         ||     1
   Stab: Sleeping          ||     1
  Dodge: Dodged            ||     8
